 Dungeon Crawl Stone Soup version 0.31-a0-1029-ge8c24b2130 (webtiles) character file.

Game seed: 17010205264782382522

0 Darkgod20 the Trooper (level 1, 18/18 HPs)
             Began as a Demonspawn Cinder Acolyte on Nov 18, 2023.
             Was a Follower of Ignis.
             Got out of the dungeon alive.
             The game lasted 00:06:36 (177 turns).

Darkgod20 the Trooper (Demonspawn Cinder Acolyte)    Turns: 177, Time: 00:06:37

Health: 18/18      AC:  2    Str: 14    XL:     1   Next: 0%
Magic:  2/2        EV: 11    Int: 15    God:    Ignis [*.....]
Gold:   0          SH:  0    Dex:  8    Spells: 2/2 levels left

rFire   + . .        a - -1 mace (flame)
rCold   . . .        (no shield)
rNeg    . . .        b - +0 robe
rPois   .            (no helmet)
rElec   .            (no cloak)
rCorr   .            (no gloves)
SInv    .            (no boots)
Will    .....        (no amulet)
Stlth   +            (no ring)
HPRegen 0.23/turn    (no ring)
MPRegen 0.08/turn

%: no passive effects
@: no status effects
A: no striking features
a: Renounce Religion, Fiery Armour, Foxfire Swarm, Rising Flame


You escaped.
You worshipped Ignis.
Ignis was aware of your devotion.
You visited 1 branch of the dungeon, and saw 1 of its levels.

Inventory:

Hand Weapons
 a - a -1 mace of flaming (weapon)
Armour
 b - a +0 robe (worn)


   Skills:
 + Level 3.0 Fighting
 + Level 2.6 Maces & Flails
 + Level 1.0 Spellcasting
 + Level 2.6 Fire Magic


You had 2 spell levels left.
You didn't know any spells.
Your spell library contained the following spells:

 Spells                   Type           Power      Damage    Failure   Level
 Scorch                   Fire           16%        2d5       12%         2


Dungeon Overview and Level Annotations

Branches:
Dungeon (1/15)

Altars:


Message History

Your foxfire dissipates!
Why would you want to do that?
Your foxfire dissipates! x5
Why would you want to do that?
Your foxfire dissipates! x3
Why would you want to do that?
You enter the shallow water.
Moving in this stuff is going to be slow.
Flames leap up around you!
Your foxfire dissipates!
You enter the shallow water.
Moving in this stuff is going to be slow.
Your foxfire dissipates! x4
You enter the shallow water.
Moving in this stuff is going to be slow.
Flames leap up around you!
Your foxfire dissipates!
Your foxfire dissipates! x12
Your foxfire dissipates!
You hit the plant.
The plant begins to die.
You burn the plant.
The plant is lightly damaged.
You hit the plant. You burn the plant.
The plant is lightly damaged.
Flames leap up around you!
You hit the plant but do no damage.
The plant is lightly damaged.
A nearby plant withers and dies.
Your foxfire dissipates! x6
You enter the shallow water.
Moving in this stuff is going to be slow.
Your foxfire dissipates! x9
You enter the shallow water.
Moving in this stuff is going to be slow.
Why would you want to do that?
Press: ? - help, v - describe, . - travel Some deep water.
You enter the shallow water.
Moving in this stuff is going to be slow.
There is a staircase leading out of the dungeon here.
You have escaped!

#########
#~.....@#
#~~~.####
#P~...~~#
#~~~..≈.#
#P~..≈..#
#~..~..≈#
#≈...~.≈#
#+#####+#


There were no monsters in sight!

Vanquished Creatures (collateral kills)
  34 foxfires (D:1)
34 creatures vanquished.

Vanquished Creatures (others)
  54 foxfires (D:1)
54 creatures vanquished.

Grand Total: 88 creatures vanquished

Notes
Turn   | Place    | Note
-------+----------+-------------------------------------------
     0 | D:1      | Darkgod20 the Demonspawn Cinder Acolyte began the quest for
                  | the Orb.
     0 | D:1      | Reached XP level 1. HP: 18/18 MP: 2/2
   177 | D:$      | Got out of the dungeon alive.

Illustrated notes

Levels and vault maps discovered:
D:1:      lightli_arrival_flooded_house, layout_loops_ring

Action                     || total
---------------------------++-------
  Melee: Mace              ||    22
         Punch             ||     2
 Invoke: Foxfire Swarm     ||     7

Table legend: (Time is in decaauts)
 A = Elapsed time spent in this place.
 B = Non-inter-level travel time spent in this place.
 C = Inter-level travel time spent in this place.
 D = Time resting spent in this place.
 E = Time spent auto-exploring this place.
 F = Levels seen in this place.
 G = Mean time per level.
                   A        B        C        D        E       F      G
               +--------+--------+--------+--------+--------+-----+--------+
         Total |    199 |    199 |      0 |      0 |      0 |   1 |  199.0 |
       Dungeon |    199 |    199 |      0 |      0 |      0 |   1 |  199.0 |
               +--------+--------+--------+--------+--------+-----+--------+

Top non-repeatable levels by time:
     D:1: 199 daAuts
